 Dungeon Crawl Stone Soup version 0.32-a0-928-g1cae6b7ea0 (webtiles) character file.

Game seed: 3124044440068902981

385 AugustDreams the Chiller (level 6, -6/41 HPs)
             Began as a Merfolk Ice Elementalist on Apr 13, 2024.
             Mangled by an ice beast (13 damage)
             ... on level 5 of the Dungeon.
             The game lasted 00:11:20 (3395 turns).

AugustDreams the Chiller (Merfolk Ice Elementalist) Turns: 3395, Time: 00:11:20

Health: -6/41      AC:  5    Str:  8    XL:     6   Next: 77%
Magic:  11/11      EV: 12    Int: 17    God:
Gold:   222        SH:  0    Dex: 14    Spells: 11/12 levels left

rFire   . . .        c - +0 short sword
rCold   . . .        (no shield)
rNeg    . . .        m - +1 leather armour
rPois   .            (no helmet)
rElec   .            e - +0 cloak
rCorr   .            (no gloves)
SInv    .            (no boots)
Will    .....        (no amulet)
Stlth   ++           (no ring)
HPRegen 0.26/turn    (no ring)
MPRegen 0.12/turn

%: no passive effects
@: no status effects
A: (nimble swimmer 2), mertail
a: no special abilities


You were on level 5 of the Dungeon.
You visited 1 branch of the dungeon, and saw 5 of its levels.

You collected 222 gold pieces.

Inventory:

Hand Weapons
 c - a +0 short sword (weapon)
Armour
 a - a +0 robe
 e - a +0 cloak (worn)
 m - a +1 leather armour (worn)
Wands
 b - a wand of flame (22)
Scrolls
 d - a scroll of identify
 f - a scroll of enchant weapon
 h - 2 scrolls of teleportation {unknown}
 j - a scroll of fog
 k - a scroll of noise {unknown}
Potions
 g - 2 potions of invisibility {unknown}
 i - a potion of curing {unknown}
 l - a potion of mutation {unknown}
 n - a potion of heal wounds


   Skills:
 + Level 2.4 Short Blades
 * Level 4.4 Dodging
 * Level 4.0 Stealth
 * Level 3.6 Spellcasting
 + Level 5.8 Ice Magic


You had 11 spell levels left.
You knew the following spells:

 Your Spells              Type           Power      Damage    Failure   Level
a - Freeze                Ice            88%        1d9       2%          1

Your spell library contained the following spells:

 Spells                   Type           Power      Damage    Failure   Level
 Frozen Ramparts          Ice            44%        1d7       6%          3
 Ozocubu's Armour         Ice            22%        N/A       6%          3
 Summon Ice Beast         Ice/Summ       13%        N/A       22%         3
 Metabolic Englaciation   Hex/Ice        6%         N/A       89%         5


Dungeon Overview and Level Annotations

Branches:
Dungeon (5/15)
 Temple: D:4-7

Altars:
Kikubaaqudgha
Makhleb
Qazlal
Vehumet
Wu Jian

Annotations:
D:3 exclusion: statue


Innate Abilities, Weirdness & Mutations

((You are very nimble when in or above water. (Stealth+, EV+, Speed+++)))
Your lower body shifts to a powerful aquatic tail in water.


Message History

The ice beast is heavily wounded.
The ice beast barely misses you.
You closely miss the ice beast.
The ice beast is heavily wounded.
The ice beast misses you.
You hit the ice beast but do no damage.
The ice beast is heavily wounded.
The ice beast misses you.
You closely miss the ice beast.
The ice beast is heavily wounded.
The ice beast hits you. The ice beast freezes you!
* * * LOW HITPOINT WARNING * * *
Casting: Freeze (safe; 2% risk of failure)
Confirm with . or Enter, or press ? or * to list all spells.
Aiming: Freeze (safe; 2% risk of failure)
Press: ? - help, Shift-Dir - straight line, f - ice beast
Aim: an ice beast (heavily wounded)
You freeze the ice beast but do no damage.
The ice beast completely resists.
The ice beast hits you but does no damage.
You hit the ice beast but do no damage.
The ice beast is heavily wounded.
You hit the ice beast.
The ice beast is heavily wounded.
The ice beast barely misses you.
You hit the ice beast but do no damage.
The ice beast is heavily wounded.
The ice beast hits you.
* * * LOW HITPOINT WARNING * * *
The ice beast freezes you.
* * * LOW HITPOINT WARNING * * *
The ice beast attacks as it pursues you!
The ice beast misses you.
The ice beast attacks as it pursues you!
The ice beast barely misses you.
The ice beast attacks as it pursues you!
The ice beast hits you.
* * * LOW HITPOINT WARNING * * *
The ice beast freezes you!
You die...

#..# #..#
#..# #..#
#..# #..#
#..# #..#
#@.# #Y.#
#..# #..#
###..#
#....#
.$.........#
#####.##.#.#
... .#.#


You could see an ice beast.

Vanquished Creatures
  Edmund (D:4)
  A sky beast (D:3)
  An orc priest (D:4)
  4 gnolls (D:4)
  6 adders
  2 ribbon worms
  A dart slug (D:2)
  2 orcs (D:4)
  8 ball pythons
  3 bats (D:1)
  2 endoplasms
  6 goblins
  6 hobgoblins
  5 jackals
  5 kobolds
  A quokka (D:1)
  2 frilled lizards
  9 rats
65 creatures vanquished.

Notes
Turn   | Place    | Note
-------+----------+-------------------------------------------
     0 | D:1      | AugustDreams the Merfolk Ice Elementalist began the quest
                  | for the Orb.
     0 | D:1      | Reached XP level 1. HP: 13/13 MP: 3/3
   135 | D:1      | Reached XP level 2. HP: 19/19 MP: 1/5
   655 | D:1      | Reached skill level 1 in Short Blades
   664 | D:1      | Reached XP level 3. HP: 7/24 MP: 1/6
   833 | D:2      | Found an ornate altar of the Wu Jian Council.
  1423 | D:2      | Found a faded altar of an unknown god.
  1454 | D:2      | Reached XP level 4. HP: 27/30 MP: 3/7
  1590 | D:2      | Reached skill level 5 in Ice Magic
  1866 | D:3      | Noticed a sky beast
  1866 | D:3      | Found a stormy altar of Qazlal.
  1876 | D:3      | Killed a sky beast
  1877 | D:3      | Reached XP level 5. HP: 18/35 MP: 2/8
  2348 | D:3      | Found a radiant altar of Vehumet.
  2348 | D:3      | Noticed a frost-covered statue
  2525 | D:4      | Noticed Edmund
  2575 | D:4      | Killed Edmund
  2576 | D:4      | Reached XP level 6. HP: 6/41 MP: 3/11
  2760 | D:4      | Found an ancient bone altar of Kikubaaqudgha.
  3220 | D:4      | Found a burning altar of Makhleb.
  3294 | D:5      | Entered Level 5 of the Dungeon
  3365 | D:5      | Noticed an ice beast
  3395 | D:5      | Mangled by an ice beast

Illustrated notes

Levels and vault maps discovered:
D:1:      ebering_hopf_link, layout_basic, grunt_decor_arrowhead, st_stairs_4
D:2:      layout_rooms, basic_ecumenical_altar, basic_altar
D:3:      layout_basic, nicolae_qazlal_beasts_of_the_sky, vehumet_statue
D:4:      layout_basic, kiku_gazebo_pond_becter, kennysheep_mini, uniq_edmund
D:5:      layout_basic

Skill      XL: |  1  2  3  4  5  6 |
---------------+-------------------+-----
Dodging        | 3 4 |  4.4
Short Blades   | 1 2 |  2.4
Ice Magic      | 5 |  5.8
Stealth        | 3 4 |  4.0
Spellcasting   | 3 |  3.6

Action                     |  1- 3 |  4- 6 || total
---------------------------+-------+-------++-------
  Melee: Short sword       |    83 |    96 ||   179
   Cast: Freeze            |    24 |    62 ||    86
    Use: Scroll            |       |     7 ||     7
         Potion            |       |     3 ||     3
   Stab: Sleeping          |     6 |     5 ||    11
 Armour: Robe              |    68 |     1 ||    69
         Leather armour    |       |    65 ||    65
  Dodge: Dodged            |    92 |    94 ||   186

Table legend: (Time is in decaauts)
 A = Elapsed time spent in this place.
 B = Non-inter-level travel time spent in this place.
 C = Inter-level travel time spent in this place.
 D = Time resting spent in this place.
 E = Time spent auto-exploring this place.
 F = Levels seen in this place.
 G = Mean time per level.
                   A        B        C        D        E       F      G
               +--------+--------+--------+--------+--------+-----+--------+
         Total |   3374 |   3374 |      0 |    434 |   1834 |   5 |  674.8 |
       Dungeon |   3374 |   3374 |      0 |    434 |   1834 |   5 |  674.8 |
               +--------+--------+--------+--------+--------+-----+--------+

Top non-repeatable levels by time:
     D:2: 1028 daAuts
     D:1: 829 daAuts
     D:4: 816 daAuts
     D:3: 601 daAuts
     D:5: 98 daAuts
